Map: Apotheosis LE

Players

dks - Winner!

  • Race: Zerg Zerg
  • League: Diamond

Iceman

  • Race: Zerg Zerg
  • League: Diamond

VOD

Have the link to the VOD?

Description

Time

  • Played on: July 18, 2016, 5:45 p.m.
  • Length: 9:42
Show
View Real Time Build Order
Export as new Build Order

dks Zerg - Winner!

Build Orders: Pool First 

Get SALT Encoding   

  12  0:02  Drone  
  13  0:13  Overlord  
  13  0:19  Drone  
  14  0:32  Drone x2  
  16  0:37  Drone  
  16  0:40  Extractor  
  16  0:46  Drone  
  17  0:53  Spawning Pool  
  17  0:57  Drone  
  17  1:09  Drone  
  18  1:25  Hatchery  
  17  1:39  Queen  
  17  1:40  Zergling x2  
  17  1:46  Metabolic Boost  
  20  1:50  Drone  
  22  1:54  Drone  
  22  2:00  Evolution Chamber  
  21  2:08  Overlord  
  21  2:21  Queen  
  21  2:22  Extractor  
  22  2:27  Zerg Melee Weapons Level 1  
  23  2:31  Drone  
  24  2:45  Drone x2  
  24  2:46  Drone x2  
  28  2:53  Baneling Nest  
  26  3:12  Overlord  
  26  3:19  Hatchery  
  26  3:20  Zergling x2  
  26  3:22  Zergling x2  
  26  3:25  Zergling x2  
  28  3:30  Zergling x2  
  28  3:31  Zergling x2  
  28  3:33  Zergling x2  
  31  3:36  Zergling x2  
  32  3:45  Overlord  
  32  3:48  Overlord  
  32  3:51  Drone  
  32  3:53  Drone  
  34  3:56  Drone  
  34  4:20  Queen  
  34  4:22  Overlord  
  36  4:28  Zerg Ground Armor Level 1  
  36  4:30  Zergling x8  
  38  4:34  Zergling x2  
  38  4:38  Zergling x2  
  40  4:39  Zergling x2  
  40  4:40  Zergling x2  
  40  4:43  Baneling x2  
  40  4:44  Baneling  
  42  4:46  Zergling x2  
  42  4:49  Zergling x2  
  42  4:52  Zergling x2  
  44  5:10  Zergling x14  
  44  5:14  Zergling x2  
  52  5:15  Zergling x2  
  52  5:16  Baneling  
  53  5:26  Baneling  
  53  5:28  Zergling x8  
  51  5:36  Baneling  
  51  5:37  Baneling x5  
  51  5:38  Zergling x4  
  51  5:39  Zergling x2  
  51  5:41  Zergling x2  
  55  5:45  Zergling x4  
  57  5:50  Drone x2  
  58  6:03  Zergling x12  
  61  6:05  Zergling x2  
  61  6:06  Zergling x2  
  58  6:12  Zergling x2  
  58  6:13  Zergling x2  
  58  6:14  Zergling x4  
  62  6:22  Zergling x2  
  62  6:23  Zergling x8  
  62  6:25  Zergling x2  
  64  6:28  Zergling x2  
  61  6:34  Zergling x2  
  61  6:35  Zergling x6  
  59  6:52  Zergling x2  
  55  6:57  Zergling x2  
  55  6:58  Zergling x10  
  55  7:04  Zergling x4  
  55  7:05  Zergling x2  
  54  7:11  Zergling x4  
  54  7:25  Zergling x6  
  55  7:35  Zergling x10  
  55  7:36  Zergling x2  
  58  7:43  Zergling x2  
  58  7:48  Zergling x6  
  58  7:49  Zergling x4  
  62  8:03  Zergling x2  
  62  8:04  Zergling x6  
  66  8:12  Zergling x2  
  66  8:17  Lair  
  64  8:21  Roach Warren  
  64  8:26  Zergling x2  
  64  8:27  Zergling x8  
  54  8:43  Zergling x14  
  60  8:55  Zergling x2, Hatchery  
  58  8:56  Zergling x8  
  52  9:13  Zergling x2  
  52  9:14  Zergling x4  
  50  9:30  Spine Crawler  
  49  9:31  Spine Crawler  
Show
View Real Time Build Order
Export as new Build Order

Iceman Zerg 

Build Orders: Hatch First 

Get SALT Encoding   

  12  0:01  Drone  
  13  0:13  Overlord  
  13  0:17  Drone  
  14  0:31  Drone x2  
  14  0:34  Drone  
  17  0:57  Hatchery  
  17  0:59  Drone  
  17  1:13  Drone, Spawning Pool  
  17  1:16  Drone  
  18  1:22  Overlord  
  18  1:27  Extractor  
  17  1:47  Drone  
  18  2:00  Queen  
  20  2:01  Zergling x2  
  20  2:02  Zergling x4  
  23  2:10  Drone  
  23  2:11  Queen, Spine Crawler  
  23  2:13  Drone  
  26  2:20  Drone  
  27  2:29  Zergling x2  
  28  2:36  Zergling x2  
  28  2:37  Zergling x2  
  30  2:42  Baneling Nest  
  30  2:44  Drone  
  30  2:49  Drone  
  30  3:01  Drone x2  
  30  3:04  Extractor  
  31  3:10  Overlord, Evolution Chamber  
  30  3:21  Metabolic Boost  
  30  3:22  Hatchery  
  28  3:36  Drone x2  
  28  3:40  Zergling x10  
  35  3:53  Baneling  
  35  3:54  Baneling x2  
  35  3:55  Zergling x10  
  39  3:57  Zergling x2  
  40  4:07  Drone x2  
  42  4:12  Overlord  
  41  4:21  Drone  
  42  4:24  Drone  
  42  4:29  Zergling x2  
  42  4:35  Baneling x4  
  42  4:36  Zergling x8  
  42  4:37  Zergling x2  
  47  4:43  Drone  
  47  4:44  Drone x2  
  47  4:45  Drone  
  51  4:46  Drone x2  
  53  5:01  Drone x4  
  53  5:02  Drone  
  53  5:06  Zerg Ground Armor Level 1  
  57  5:08  Roach Warren  
  56  5:16  Drone x2  
  57  5:28  Zergling x2  
  57  5:35  Zergling x4  
  48  5:38  Drone x2  
  48  5:39  Overlord x2  
  50  5:46  Zergling x12  
  50  5:47  Baneling x2  
  50  5:49  Zergling x2  
  57  5:53  Baneling  
  57  5:58  Roach x3  
  57  5:59  Roach  
  57  6:01  Roach x2  
  69  6:04  Roach  
  68  6:11  Drone  
  68  6:12  Drone  
  68  6:13  Extractor  
  69  6:21  Roach  
  69  6:23  Roach x2  
  70  6:28  Roach x4  
  69  6:42  Drone x3  
  69  6:43  Drone  
  73  6:50  Roach x2  
  71  6:59  Drone x2  
  71  7:00  Drone x3  
  60  7:08  Drone x2  
  60  7:09  Drone  
  62  7:17  Drone x2  
  62  7:19  Drone  
  64  7:26  Drone  
  62  7:33  Drone x2  
  62  7:36  Drone  
  60  7:41  Roach  
  60  7:42  Roach  
  60  7:43  Spine Crawler  
  63  7:44  Spine Crawler  
  63  7:48  Zergling x4  
  64  7:54  Zergling x2  
  64  7:56  Queen x2, Spine Crawler  
  66  7:59  Queen, Spine Crawler  
  66  8:00  Zergling x2  
  66  8:01  Zergling x2  
  66  8:02  Zergling x2  
  66  8:09  Zergling x2  
  66  8:10  Zergling x2  
  61  8:13  Zergling x2  
  61  8:19  Zergling x2  
  61  8:20  Zergling x2  
  38  8:34  Zergling x8  
  40  8:41  Zergling x2  
  40  8:42  Zergling x2  
  42  8:52  Zergling x4  
  42  8:54  Baneling x2  
  42  8:55  Baneling x2  
  43  8:59  Zergling x2  
  43  9:02  Zergling x2  
  35  9:13  Zergling x4  
Tags
 
Add a new tag
Caveats
  • Supply blocks, unpowered buildings, or Contaminate may cause inaccurate times.
  • Supply counts are checked every 10 seconds.